 Dungeon Crawl Stone Soup version 0.23.2-30-g0e89c35649 (webtiles) character file.

Game seed: 13295663004689406164

133 redwoodhats the Cudgeler (level 4, 0/39 HPs)
             Began as a Deep Dwarf Skald on June 16, 2019.
             Killed by nerve-wracking pain
             ... invoked by an orc priest
              (7 damage)
             ... on level 3 of the Dungeon.
             The game lasted 00:08:15 (1870 turns).

redwoodhats the Cudgeler (Deep Dwarf Skald)         Turns: 1870, Time: 00:08:15

Health: 0/39       AC:  4    Str: 14 (15) XL:     4   Next: 94%
Magic:  6/6        EV: 12    Int: 14      God:
Gold:   129        SH:  0    Dex: 11 (12) Spells: 1/7 levels left

rFire    . . .     SeeInvis .   a - +0 mace
rCold    . . .     Gourm    .   (no shield)
rNeg     . . .     Faith    .   b - +0 leather armour
rPois    .         Spirit   .   f - +0 helmet
rElec    .         Reflect  .   (no cloak)
rCorr    .         Harm     .   (no gloves)
MR       .....                  (no boots)
Stlth    +.........             (no amulet)
HPRegen  0.00/turn              h - ring of flight
MPRegen  0.10/turn              (no ring)

@: singing (expiring), non-regenerating
A: damage resistance, heal wounds, sense surroundings 1, no regeneration
a: Heal Wounds, Evoke Flight


You were on level 3 of the Dungeon.
You were not hungry.

You visited 1 branch of the dungeon, and saw 4 of its levels.

You collected 129 gold pieces.

Inventory:

Hand Weapons
 a - a +0 mace (weapon)
Armour
 b - a +0 leather armour (worn)
 f - a +0 helmet (worn)
Jewellery
 e - a cursed -3 ring of protection
 h - a ring of flight (left hand)
Scrolls
 c - 2 scrolls of identify
 g - a scroll of teleportation
Potions
 i - a potion of curing {unknown}
Comestibles
 d - 2 rations


   Skills:
 + Level 2.1 Fighting
 + Level 3.7 Maces & Flails
 + Level 2.0 Armour
 + Level 3.0 Dodging
 + Level 0.4 Stealth
 + Level 2.0 Spellcasting
 + Level 0.1 Hexes
 + Level 3.0 Charms


You had one spell level left.
You knew the following spells:

 Your Spells              Type           Power        Failure   Level  Hunger
a - Infusion              Chrm           ##..         9%          1    ##.....
b - Spectral Weapon       Hex/Chrm       #.......     41%         3    ####...
c - Song of Slaying       Chrm           ##......     12%         2    ###....

Your spell library contained the following spells:

 Spells                   Type           Power        Failure   Level  Hunger
 Animate Skeleton         Necr           N/A          28%         1    ##.....
 Apportation              Tloc           #.....       28%         1    ##.....
 Confusing Touch          Hex            #.....       28%         1    ##.....
 Summon Small Mammal      Summ           #...         28%         1    ##.....
 Shroud of Golubria       Chrm/Tloc      #.........   24%         2    ###....
 Regeneration             Chrm/Necr      Unusable     N/A         3    N/A

Dungeon Overview and Level Annotations

Branches:
Dungeon (4/15)
 Temple: D:4-7

Altars:
Okawaru


Innate Abilities, Weirdness & Mutations

You are resistant to damage.
You can heal yourself by infusing magical energy.
You passively map a small area around you.
You do not regenerate.


Message History

The orc priest misses you.
You hit the orc priest but do no damage.
The orc priest looks encouraged for a moment.
You hit the orc priest but do no damage.
The orc priest hits you with a +0 dagger.
You completely miss the orc priest.
The orc priest invokes the aid of Beogh against you.
Beogh smites you!
* * * LOW HITPOINT WARNING * * *
A kobold comes into view.
The orc priest looks satisfied for a moment.
You barely miss the orc priest.
Your song is almost over.
The orc priest hits you but does no damage.
You hit the orc priest but do no damage.
The orc priest hits you with a +0 dagger.
* * * LOW HITPOINT WARNING * * *
The orc priest calls down the wrath of Beogh upon you.
Pain shoots through your body!
You die...

* , * * ## *
. , ..# ..**
#.# * #.*
*#.####* #.
*#.... #%.
#..# *
#..o##..####
#.oo@.....#
#.K##..##.#
*#., #<.# ,
* # *#..# ,
,, ,...# , ,
##.##* * *
..# * , * *
#.# * #.#


You could see 2 orc priests, an orc and a kobold.

Vanquished Creatures
  A scorpion (D:4)
  3 adders (D:2)
  A howler monkey skeleton (D:4)
  An ooze (D:1)
  A dart slug (D:1)
  A leopard gecko (D:1)
  An orc (D:3)
  4 bats
  3 giant cockroaches
  5 goblins
  6 hobgoblins
  3 jackals (D:1)
  5 kobolds
  A frilled lizard (D:2)
  4 rats
40 creatures vanquished.

Vanquished Creatures (others)
  5 toadstools (D:1)
5 creatures vanquished.

Grand Total: 45 creatures vanquished

Notes
Turn   | Place    | Note
-------+----------+-------------------------------------------
     0 | D:1      | redwoodhats the Deep Dwarf Skald began the quest for the
                  | Orb.
     0 | D:1      | Reached XP level 1. HP: 19/19 MP: 3/3
    91 | D:1      | Reached XP level 2. HP: 21/26 MP: 4/4
   411 | D:1      | Reached XP level 3. HP: 15/32 MP: 5/5
   909 | D:1      | Learned a level 3 spell: Spectral Weapon
  1164 | D:2      | You fall through a shaft for 2 floors!
  1166 | D:4      | Noticed a scorpion
  1192 | D:4      | Killed a scorpion
  1192 | D:4      | Reached XP level 4. HP: 9/39 MP: 1/7
  1337 | D:2      | Found an iron altar of Okawaru.
  1644 | D:2      | Learned a level 2 spell: Song of Slaying
  1870 | D:3      | Killed from afar by an orc priest

Skill      XL: |  1  2  3  4 |
---------------+-------------+-----
Charms         | 3 |  3.0
Fighting       | 2 |  2.1
Maces & Flails | 3 |  3.7
Spellcasting   | 2 |  2.0
Armour         | 2 |  2.0
Dodging        | 3 |  3.0
Stealth        | |  0.4
Hexes          | |  0.1

Action                   |  1- 3 |  4- 6 || total
-------------------------+-------+-------++-------
Melee: Mace              |   105 |    56 ||   161
 Cast: Infusion          |     2 |     1 ||     3
       Spectral Weapon   |     1 |       ||     1
       Song of Slaying   |       |     1 ||     1
 Abil: Heal Wounds       |     2 |     2 ||     4
  Use: Scroll            |     5 |       ||     5
       Potion            |     1 |       ||     1
 Stab: Sleeping          |       |     1 ||     1
  Eat: Ration            |     1 |       ||     1
Armor: Leather armour    |    15 |    25 ||    40
Dodge: Dodged            |    78 |    48 ||   126
